 Dungeon Crawl Stone Soup version 0.26-a0-613-g4f23886233 (webtiles) character file.

Game seed: 3843941951582933185

51 Descartes the Covered (level 4, 0/35 HPs)
             Began as a Formicid Chaos Knight on Sept 11, 2020.
             Was a Plaything of Xom.
             Slain by Sigmund
             ... wielding a cursed +0 scythe
              (2 damage)
             ... on level 2 of the Dungeon.
             The game lasted 00:02:54 (1297 turns).

Descartes the Covered (Formicid Chaos Knight)       Turns: 1297, Time: 00:02:57

Health: 0/35       AC:  9    Str: 17    XL:     4   Next: 5%
Magic:  4/4        EV: 11    Int: 11    God:    Xom [......]
Gold:   89         SH:  0    Dex: 11    Spells: 3/3 levels left

rFire    . . .     SeeInvis +   a - +0 falchion (chaos)
rCold    . . .     Faith    .   (no shield)
rNeg     . . .     Spirit   .   b - +2 leather armour
rPois    .         Reflect  .   (helmet unavailable)
rElec    .         Harm     .   (no cloak)
rCorr    .                      (no gloves)
MR       .....                  (no boots)
Stlth    +.........             (no amulet)
HPRegen  0.11/turn              c - +4 ring of protection
MPRegen  0.09/turn              (no ring)

@: confused, heavily drained
A: permanent stasis, dig shafts and tunnels, four strong arms, antennae 3
a: Dig, Shaft Self, Renounce Religion


You were on level 2 of the Dungeon.
You worshipped Xom.
You were a very special plaything of Xom.
You visited 1 branch of the dungeon, and saw 2 of its levels.

You collected 89 gold pieces.

Inventory:

Hand Weapons
 a - a +0 falchion of chaos (weapon)
Missiles
 e - 55 stones (quivered)
 k - 13 sling bullets
Armour
 b - a +2 leather armour (worn)
Jewellery
 c - a +4 ring of protection (left hand)
Scrolls
 d - a scroll of enchant weapon {unknown}
 i - a scroll of fear {unknown}
 j - a scroll of blinking {unknown}
 l - a scroll of fog {unknown}
Potions
 f - a potion of degeneration {unknown}
 g - a potion of curing {unknown}
 h - a potion of invisibility {unknown}


   Skills:
 - Level 3.2(1.3) Fighting
 - Level 3.0(1.0) Long Blades
 + Level 4.4(2.4) Armour
 - Level 0.8(0.0) Dodging


You had 3 spell levels left.
You didn't know any spells.
Your spell library was empty.

Dungeon Overview and Level Annotations

Branches:
Dungeon (2/15)

Altars:
Kikubaaqudgha

Annotations:
D:2 Robin, Sigmund


Innate Abilities, Weirdness & Mutations

You cannot be hasted, slowed, berserked, paralysed or teleported.
You can dig through walls and to a lower floor.
Your four strong arms can wield two-handed weapons with a shield.
You have a pair of large antennae on your head. (SInv)


Message History

The hobgoblin closely misses you.
You riposte.
You barely miss the hobgoblin.
The hobgoblin is heavily wounded.
The goblin misses you.
You closely miss the goblin. "Heh heh heh..."
You are confused.
The goblin hits you but does no damage. The hobgoblin barely misses you.
Sigmund hits you from afar with a cursed +0 scythe.
The goblin hits you with a +0 spectral club.
* * * LOW HITPOINT WARNING * * *
The goblin hits you but does no damage.
You closely miss the hobgoblin.
The hobgoblin is heavily wounded.
The goblin closely misses you. The hobgoblin hits you with a +0 club.
* * * LOW HITPOINT WARNING * * *
The goblin hits you with a +0 dagger.
* * * LOW HITPOINT WARNING * * *
Sigmund hits you from afar with a cursed +0 scythe.
You die...
Xom guffaws!

#.. #............# #.#
#............#
###..###............#
.......)††#######...##
.....................#
.......†.............#
.........(...........#
........gg#######...##
.......##@# #####
....... #g#
........@gS....#
...............#
.............#
.............#
###..........#
...........#
g...........#


You could see Sigmund (invisible), Robin (fast), a +0 spectral club (summoned),
an adder, a hobgoblin (strong) and 2 goblins.

Vanquished Creatures
  A dart slug (D:1)
  3 leopard geckos
  3 bats
  3 giant cockroaches
  8 hobgoblins
  4 kobolds
  A quokka (D:2)
  A frilled lizard (D:2)
  10 goblins
  6 rats
40 creatures vanquished.

Notes
Turn   | Place    | Note
-------+----------+-------------------------------------------
     0 | D:1      | Descartes the Formicid Chaos Knight began the quest for the
                  | Orb.
     0 | D:1      | Reached XP level 1. HP: 18/18 MP: 1/1
   112 | D:1      | XOM: silly message
   117 | D:1      | Reached XP level 2. HP: 24/24 MP: 2/2
   168 | D:1      | Reached skill level 3 in Armour
   277 | D:1      | XOM: divination: detect creatures
   534 | D:1      | XOM: draining
   571 | D:1      | XOM: summons 2 hostile demons
   653 | D:1      | Reached XP level 3. HP: 23/29 MP: 3/3
  1157 | D:2      | Found an ancient bone altar of Kikubaaqudgha.
  1185 | D:2      | Reached skill level 4 in Armour
  1265 | D:2      | Noticed Robin
  1266 | D:2      | Noticed Sigmund
  1275 | D:2      | XOM: draining
  1282 | D:2      | Reached XP level 4. HP: 34/35 MP: 4/4
  1295 | D:2      | XOM: enchant monster (bad)
  1296 | D:2      | XOM: confusion
  1297 | D:2      | Slain by Sigmund

Illustrated notes

Levels and vault maps discovered:
D:1:      tarquinn_simple_flora_water_c, layout_loops_corners
D:2:      layout_basic, lemuel_doored_altar, marbit_many_paths,
          minmay_tetromino_l2, uniq_sigmund, uniq_robin

Skill      XL: |  1  2  3 |
---------------+----------+-----
Armour         | 3 4 |  4.4
Fighting       | |  3.2
Long Blades    | |  3.0
Dodging        | |  0.8

Action                   |  1- 3 |  4- 6 || total
-------------------------+-------+-------++-------
Melee: Falchion          |   116 |    13 ||   129
Armor: Leather armour    |    64 |    12 ||    76
Dodge: Dodged            |    96 |    16 ||   112
       Rpst.: Falchion   |    27 |     3 ||    30

Table legend: (Time is in decaauts)
 A = Elapsed time spent in this place.
 B = Non-inter-level travel time spent in this place.
 C = Inter-level travel time spent in this place.
 D = Time resting spent in this place.
 E = Time spent auto-exploring this place.
 F = Levels seen in this place.
 G = Mean time per level.
                   A        B        C        D        E       F      G
               +--------+--------+--------+--------+--------+-----+--------+
         Total |   1322 |   1281 |     41 |      0 |    982 |   2 |  661.0 |
       Dungeon |   1322 |   1281 |     41 |      0 |    982 |   2 |  661.0 |
               +--------+--------+--------+--------+--------+-----+--------+

Top non-repeatable levels by time:
     D:1: 1029 daAuts
     D:2: 292 daAuts
